Map: Ulrena

Players

Lilbow - Winner!

  • Race: Protoss Protoss
  • League: Master

desRow

  • Race: Protoss Protoss
  • League: Master

Event: NationWars III

VOD

Have the link to the VOD?

Description

Time

  • Played on: Jan. 2, 2016, 5:59 p.m.
  • Length: 2:12
Show
View Real Time Build Order
Export as new Build Order

Lilbow Protoss - Winner!

Build Orders:  

Get SALT Encoding   

  12  0:00  Probe (Chrono Boost)  
  13  0:11  Probe (Chrono Boost)  
  14  0:18  Pylon  
  14  0:22  Probe (Chrono Boost)  
  15  0:36  Probe (Chrono Boost)  
  15  0:37  Gateway  
  15  0:42  Assimilator  
  16  0:47  Probe (Chrono Boost)  
  17  0:57  Probe (Chrono Boost)  
  17  0:58  Assimilator  
  18  1:08  Probe (Chrono Boost)  
  18  1:09  Gateway  
  20  1:18  Probe (Chrono Boost)  
  20  1:27  Zealot (Chrono Boost)  
  22  1:41  Cybernetics Core  
  22  2:00  Probe  
Show
View Real Time Build Order
Export as new Build Order

desRow Protoss 

Build Orders: Cannon Rush 

Get SALT Encoding   

  12  0:01  Probe (Chrono Boost)  
  13  0:11  Probe (Chrono Boost)  
  14  0:18  Pylon  
  14  0:22  Probe (Chrono Boost)  
  15  0:36  Probe (Chrono Boost)  
  15  0:37  Forge  
  16  0:46  Probe (Chrono Boost)  
  17  0:57  Probe (Chrono Boost)  
  18  1:20  Pylon  
  18  1:22  Pylon  
  18  1:23  Pylon  
  17  1:38  Probe (Chrono Boost)  
  18  1:41  Photon Cannon  
  18  1:45  Photon Cannon  
  18  1:46  Pylon  
  18  1:52  Photon Cannon  
Tags
 
Add a new tag
Caveats
  • Supply blocks, unpowered buildings, or Contaminate may cause inaccurate times.
  • Supply counts are checked every 10 seconds.